 Dungeon Crawl Stone Soup version 0.29.1-12-g30fa7ad0bf (webtiles) character file.

Game seed: 14983293968335993400

3 croobank the Caller (level 1, 0/13 HPs)
             Began as a Gnoll Summoner on Dec 20, 2022.
             Slain by a kobold
             ... wielding a +0 dagger
              (4 damage)
             ... on level 1 of the Dungeon.
             The game lasted 00:01:04 (302 turns).

croobank the Caller (Gnoll Summoner)                 Turns: 302, Time: 00:01:05

Health: 0/13       AC:  2    Str:  7    XL:     1   Next: 50%
Magic:  4/6        EV: 10    Int: 14    God:
Gold:   30         SH:  0    Dex: 12    Spells: 8/9 levels left

rFire   . . .      SeeInvis .   b - +0 sling
rCold   . . .      Faith    .   (no shield)
rNeg    . . .      Spirit   .   a - +0 robe
rPois   .          Reflect  .   (no helmet)
rElec   .          Harm     .   (no cloak)
rCorr   .          Rampage  .   (no gloves)
Will    .....                   (no boots)
Stlth   ++........              (no amulet)
HPRegen 0.04/turn               (no ring)
MPRegen 0.10/turn               (no ring)

@: constricted
A: fangs 1, strong nose, distributed training
a: no special abilities


You were on level 1 of the Dungeon.
You visited 1 branch of the dungeon, and saw 1 of its levels.

You collected 30 gold pieces.

Inventory:

Hand Weapons
 b - a +0 sling (weapon)
Armour
 a - a +0 robe (worn)
 g - a +0 ring mail
Potions
 c - a potion of might {unknown}
 d - a potion of magic
 e - a potion of heal wounds {unknown}
 f - a potion of ambrosia {unknown}


   Skills:
 + Level 0.0 Fighting
 + Level 0.0 Short Blades
 + Level 0.0 Long Blades
 + Level 0.0 Axes
 + Level 0.0 Maces & Flails
 + Level 0.0 Polearms
 + Level 0.0 Staves
 + Level 0.0 Ranged Weapons
 + Level 0.0 Throwing
 + Level 0.0 Armour
 + Level 4.4 Dodging
 + Level 4.0 Stealth
 + Level 0.0 Shields
 + Level 0.0 Unarmed Combat
 + Level 4.8 Spellcasting
 + Level 0.0 Conjurations
 + Level 0.0 Hexes
 + Level 7.0 Summonings
 + Level 0.0 Necromancy
 + Level 0.0 Translocations
 + Level 0.0 Transmutations
 + Level 0.0 Fire Magic
 + Level 0.0 Ice Magic
 + Level 0.0 Air Magic
 + Level 0.0 Earth Magic
 + Level 0.0 Poison Magic
 + Level 0.1 Invocations
 + Level 0.0 Evocations


You had 8 spell levels left.
You knew the following spells:

 Your Spells              Type           Power      Damage    Failure   Level
a - Summon Small Mammal   Summ           92%        N/A       1%          1

Your spell library contained the following spells:

 Spells                   Type           Power      Damage    Failure   Level
 Call Imp                 Summ           23%        N/A       1%          2
 Call Canine Familiar     Summ           23%        N/A       3%          3
 Summon Guardian Golem    Hex/Summ       13%        N/A       12%         3
 Summon Lightning Spire   Summ/Air       13%        N/A       38%         4


Dungeon Overview and Level Annotations

Branches:
Dungeon (1/15)

Altars:


Innate Abilities, Weirdness & Mutations

You have very sharp teeth.
Your uncanny sense of smell can sniff out nearby items.
Your experience applies equally to all skills.


Message History

You now have 30 gold pieces (gained 7).
A kobold comes into view. It is wielding a +0 dagger.
The kobold shouts!
You hear an angry hiss.
The kobold moves out of view.
Found a book of Misfortune.
The bat barely misses you.
A ball python comes into view.
The kobold closely misses you. The kobold attacks as you move away!
The kobold closely misses you.
Your quokka disappears in a puff of smoke!
The bat barely misses you. x2
You see here a +1 hat.
Casting: Summon Small Mammal (safe; 1% risk of failure)
Confirm with . or Enter, or press ? or * to list all spells.
The bat closely misses you. The kobold hits you with a +0 dagger.
Casting: Summon Small Mammal (safe; 1% risk of failure)
Confirm with . or Enter, or press ? or * to list all spells.
The bat barely misses you. The bat closely misses you.
The ball python bites you. The ball python closely misses you.
The kobold hits you but does no damage.
Your rat misses the kobold. You shoot a sling bullet.
The sling bullet barely misses the ball python.
The bat closely misses you. The bat hits you but does no damage.
The ball python bites your quokka. The ball python grabs your quokka.
The ball python constricts your quokka. The ball python bites you.
The ball python misses you. The kobold hits you with a +0 dagger.
Your quokka bites the ball python.
Your rat barely misses the kobold.
The ball python completely misses your quokka.
The ball python constricts your quokka. The ball python barely misses you.
The ball python closely misses you. The bat hits you but does no damage.
You shoot a sling bullet.
The sling bullet hits the ball python but does no damage.
The bat barely misses you. The bat closely misses you.
Your quokka bites the ball python.
The ball python dies!
The kobold hits you with a +0 dagger. The ball python closely misses you.
The ball python grabs you. The ball python constricts you.
Your rat closely misses the kobold.
The bat barely misses you.
Your quokka bites the ball python.
The kobold hits you with a +0 dagger.
You die...

#............
#.....####... #. #_....#
#.## #.# #.....####.##
#####.#. #....#.....#.
...S.. ##...#####.#. ....
#...##...... ####.###
##...####### # #:.#rS@#
#...# # #..#..#rKb# #..
#.## #.......###.# ...
#.## #..###......# #.##
#...#..#.# #.##
#)..#..#.# . #.##
#.###†####.###+...####.##
#................ #.##.##
########.........##......


You could see a bat, a ball python (ally target), a kobold (ally target), a
friendly quokka (summoned) and a friendly rat (summoned).

Vanquished Creatures
  A rat (D:1)
1 creature vanquished.

Vanquished Creatures (collateral kills)
  2 endoplasms (D:1)
  A ball python (D:1)
3 creatures vanquished.

Grand Total: 4 creatures vanquished

Notes
Turn   | Place    | Note
-------+----------+-------------------------------------------
     0 | D:1      | croobank the Gnoll Summoner began the quest for the Orb.
     0 | D:1      | Reached XP level 1. HP: 13/13 MP: 6/6
    69 | D:1      | Found a faded altar of an unknown god.
   302 | D:1      | Slain by a kobold

Illustrated notes

Levels and vault maps discovered:
D:1:      wander_arrival_estate, layout_basic,
          hellmonk_ecumenical_altar_zigzags, minmay_octomino_c4

Action                   || total
-------------------------++-------
 Fire: Sling             ||     4
 Cast: Summon Small Mamm ||     5
Armor: Robe              ||     3
Dodge: Dodged            ||    17
